 Dungeon Crawl Stone Soup version 0.31-a0-233-g139696dc86 (webtiles) character file.

Game seed: 15779107768264115408

160 sanka the Shooter (level 4, -1/36 HPs)
             Began as a Demigod Hunter on July 8, 2023.
             Slain by an ice beast (2 damage)
             ... on level 5 of the Dungeon.
             The game lasted 00:03:38 (3017 turns).

sanka the Shooter (Demigod Hunter)                  Turns: 3017, Time: 00:03:39

Health: -1/36      AC:  7    Str: 12    XL:     4   Next: 96%
Magic:  6/6        EV: 12    Int: 11    God:
Gold:   168        SH:  0    Dex: 21    Spells: 3/3 levels left

rFire   + . .        a - +0 shortbow
rCold   . . .        (shield currently unavailable)
rNeg    . . .        c - +0 leather armour
rPois   .            (no helmet)
rElec   .            (no cloak)
rCorr   .            (no gloves)
SInv    .            (no boots)
Will    .....        l - amulet of the acrobat
Stlth   ++           m - ring of protection from fire
HPRegen 0.26/turn    o - +4 ring of protection
MPRegen 0.10/turn

%: acrobat
@: weakened
A: high MP 1, forlorn, divine attributes
a: no special abilities


You were on level 5 of the Dungeon.
You visited 1 branch of the dungeon, and saw 5 of its levels.

You collected 168 gold pieces.


Innate Abilities, Weirdness & Mutations

You have an increased reservoir of magic. (+10% MP)
You shall have no god before yourself.
Your divine heritage dramatically boosts your attributes as you level up.


   Skills:
 - Level 2.0 Fighting
 + Level 5.9 Ranged Weapons
 - Level 1.7 Dodging
 - Level 0.8 Stealth


You had 3 spell levels left.
You didn't know any spells.
Your spell library contained the following spells:

 Spells                   Type           Power      Damage    Failure   Level
 Ensorcelled Hibernation  Hex/Ice        0%         N/A       56%         2
 Passwall                 Tmut/Erth      0%         N/A       56%         2
 Sublimation of Blood     Necr           0%         N/A       56%         2
 Wereblood                Tmut           0%         N/A       56%         2
 Swiftness                Air            0%         N/A       80%         3
 Vhi's Electric Charge    Tloc/Air       0%         N/A       80%         3
 Animate Dead             Necr           0%         N/A       99%         4
 Arcjolt                  Conj/Air       0%         1d10      100%        5
 Plasma Beam              Fire/Air       0%         2x1d10    100%        6
 Haunt                    Necr/Summ      0%         N/A       100%        7
 Summon Hydra             Summ           0%         N/A       100%        7
 Infestation              Necr           0%         N/A       100%        8

Inventory:

Hand Weapons
 a - a +0 shortbow (weapon)
Armour
 c - a +0 leather armour (worn)
Jewellery
 g - a ring of protection from fire
 l - an amulet of the acrobat (around neck)
 m - a ring of protection from fire (left hand)
 o - a +4 ring of protection (right hand)
Scrolls
 b - a scroll of butterflies
 f - 3 scrolls of teleportation {unknown}
 j - a scroll of amnesia {unknown}
 p - a scroll of identify {unknown}
Potions
 d - 2 potions of haste {unknown}
 e - a potion of mutation {unknown}
 h - 2 potions of cancellation {unknown}
 i - a potion of heal wounds {unknown}
 k - a potion of brilliance {unknown}
 n - a potion of invisibility {unknown}

Dungeon Overview and Level Annotations

Branches:
Dungeon (5/15)             Temple (0/1) D:4

..▒▒ g..▒ ▒▒+▒ ....▒
▒▒...▒▒ g...
▒▒.....▒▒ ...▒
▒▒.......▒▒ ▒..£▒
▒.........▒▒▒▒...▒▒▒▒
+.........pYgg.......
▒.........▒▒▒▒.▒▒▒.▒▒
▒.......▒▒ .▒
▒▒...<.▒▒ .▒ ▒▒...▒▒
▒. ▒▒+▒▒ ▒


You could see an ice beast, a gnoll bouda and a gnoll.


Message History

You shoot an arrow. The arrow closely misses the ice beast.
The arrow barely misses the gnoll.
The ice beast barely misses you.
You shoot an arrow. The arrow hits the ice beast.
The ice beast is severely wounded.
The ice beast misses you.
You shoot an arrow.
The arrow hits the ice beast but does no damage.
The ice beast is severely wounded.
The gnoll bouda gazes fiercely through you!
You feel your attacks grow feeble.
The ice beast hits you but does no damage.
The gnoll bouda gazes fiercely through you!
You feel as though you will be weak longer.
The ice beast hits you but does no damage.
You shoot an arrow.
The arrow hits the ice beast but does no damage.
The ice beast is severely wounded.
The ice beast hits you.
* * * LOW HITPOINT WARNING * * *
The ice beast freezes you!
* * * LOW HITPOINT WARNING * * *
Unknown command.
You shoot an arrow. The arrow hits the ice beast.
The ice beast is severely wounded.
The ice beast hits you.
You die...

Action                     |  1- 3 |  4- 6 || total
---------------------------+-------+-------++-------
   Fire: Shortbow          |   139 |   103 ||   242
 Armour: Leather armour    |    16 |    15 ||    31
  Dodge: Dodged            |    42 |    38 ||    80

Levels and vault maps discovered:
D:1:      dpeg_arrival_more_subterranean_lakeside_camping, layout_basic
D:2:      layout_loops_ring, minmay_heptomino_w4
D:3:      cheibrodos_old_hovel, layout_basic, ebering_ecumenical_altar_webs,
          minmay_misc_feat_tiny, grunt_decor_fettered
D:4:      layout_cave_pools, minmay_temple_entry_gardened_gates
D:5:      layout_loops_corners, lemuel_coloured_pillars_altar

Notes
Turn   | Place    | Note
-------+----------+-------------------------------------------
     0 | D:1      | sanka the Demigod Hunter began the quest for the Orb.
     0 | D:1      | Reached XP level 1. HP: 17/17 MP: 3/3
   122 | D:1      | Reached skill level 2 in Fighting
   179 | D:1      | Reached skill level 4 in Ranged Weapons
   259 | D:1      | Reached XP level 2. HP: 24/24 MP: 4/4
   886 | D:2      | Reached XP level 3. HP: 26/29 MP: 5/5
  1625 | D:3      | Reached skill level 5 in Ranged Weapons
  1681 | D:3      | Reached XP level 4. HP: 33/36 MP: 6/6
  2355 | D:4      | Found a staircase to the Ecumenical Temple.
  2998 | D:5      | Entered Level 5 of the Dungeon
  3006 | D:5      | Noticed an ice beast
  3016 | D:5      | HP: 1/36 [ice beast (11)]
  3017 | D:5      | Slain by an ice beast

Vanquished Creatures
  7 adders
  A white imp (D:4)
  2 worms (D:2)
  A dart slug (D:1)
  3 orcs (D:3)
  4 ball pythons
  5 endoplasms
  2 giant cockroaches
  5 goblins
  8 hobgoblins
  8 jackals
  7 quokkas
  7 bats
  4 frilled lizards
  4 kobolds
  10 rats
78 creatures vanquished.
